 Dungeon Crawl Stone Soup version 0.26.0-7-g794d0892b4 (webtiles) character file.

Game seed: 7358054707775370482

95 ythm the Grave Robber (level 4, -3/30 HPs)
             Began as a Demonspawn Necromancer on Jan 12, 2021.
             Killed by divine providence
             ... invoked by an orc priest
              (14 damage)
             ... on level 3 of the Dungeon.
             The game lasted 00:06:23 (2805 turns).

ythm the Grave Robber (Demonspawn Necromancer)      Turns: 2805, Time: 00:06:25

Health: -3/30      AC:  2    Str:  8    XL:     4   Next: 39%
Magic:  4/7        EV: 17    Int: 18    God:
Gold:   69         SH:  0    Dex: 13    Spells: 2/7 levels left

rFire    . . .     SeeInvis .   e - +0 dagger
rCold    . . .     Faith    .   (no shield)
rNeg     . . .     Spirit   .   a - +0 robe
rPois    .         Reflect  .   (no helmet)
rElec    .         Harm     .   (no cloak)
rCorr    .         Rampage  .   (no gloves)
Will     .....                  (no boots)
Stlth    ++........             (no amulet)
HPRegen  0.10/turn              (no ring)
MPRegen  0.10/turn              (no ring)

@: agile
A: powered by pain 1
a: no special abilities


You were on level 3 of the Dungeon.
You visited 1 branch of the dungeon, and saw 3 of its levels.

You collected 69 gold pieces.

Inventory:

Hand Weapons
 e - a +0 dagger (weapon)
Missiles
 f - 34 poisoned darts (quivered)
Armour
 a - a +0 robe (worn)
Wands
 l - a wand of polymorph (8)
Scrolls
 b - 3 scrolls of enchant weapon {unknown}
 c - a scroll of identify {unknown}
 h - a scroll of noise {unknown}
 i - 2 scrolls of teleportation {unknown}
Potions
 d - a potion of berserk rage {unknown}
 g - a potion of resistance {unknown}


   Skills:
 - Level 1.7 Dodging
 - Level 1.7 Stealth
 - Level 2.0 Spellcasting
 + Level 6.5 Necromancy


You had 2 spell levels left.
You knew the following spells:

 Your Spells              Type           Power        Failure   Level
a - Pain                  Necr           100%         1%          1
b - Animate Skeleton      Necr           50%          1%          1
c - Vampiric Draining     Necr           12%          3%          3

Your spell library contained the following spells:

 Spells                   Type           Power        Failure   Level
 Animate Dead             Necr           12%          12%         4
 Agony                    Necr           25%          34%         5
 Confusing Touch          Hex            1%           47%         3
 Gell's Gravitas          Tloc           0%           47%         3
 Petrify                  Tmut/Erth      1%           87%         4
 Metabolic Englaciation   Hex/Ice        0%           99%         5
 Yara's Violent Unravell  Hex/Tmut       0%           99%         5


Dungeon Overview and Level Annotations

Branches:
Dungeon (3/15)

Altars:

Annotations:
D:3 Terence


Innate Abilities, Weirdness & Mutations

You sometimes gain a little power by taking damage.


Message History

The orc wizard gestures at you while chanting.
The magic dart hits you!
Casting: Pain (safe; 1% risk of failure)
Confirm with . or Enter, or press ? or * to list all spells.
Aiming: Pain (safe; 1% risk of failure)
Press: ? - help, Shift-Dir - straight line, f/p - dart slug
Aim: a dart slug (moderately wounded, chance to affect: 93%)
The dart slug writhes in agony.
The orc wizard gestures at you while chanting.
You resist with some effort.
Casting: Pain (safe; 1% risk of failure)
Confirm with . or Enter, or press ? or * to list all spells.
Aiming: Pain (safe; 1% risk of failure)
Press: ? - help, Shift-Dir - straight line, f/p - dart slug
Aim: a dart slug (severely wounded, chance to affect: 93%)
The dart slug writhes in agony.
You kill the dart slug!
The orc priest calls down the wrath of Beogh upon you.
Beogh smites you!
You die...

#####.o........
..........o....#
>............o.###
###..)...........
......o.....>...
##<..@...##
#......†..#
#.........#
#....@$...#
#.........#
#........$#
##.(.....##
##.....## #######


You could see Terence, an orc priest and 2 orc wizards.

Vanquished Creatures
  3 adders
  An ooze (D:2)
  A worm (D:2)
  5 dart slugs
  2 leopard geckos (D:1)
  2 orcs
  5 bats
  2 giant cockroaches
  6 goblins
  5 hobgoblins (D:1)
  2 jackals (D:1)
  4 kobolds
  2 ball pythons
  A frilled lizard (D:2)
  7 rats
48 creatures vanquished.

Notes
Turn   | Place    | Note
-------+----------+-------------------------------------------
     0 | D:1      | ythm the Demonspawn Necromancer began the quest for the
                  | Orb.
     0 | D:1      | Reached XP level 1. HP: 13/13 MP: 3/3
   273 | D:1      | Gained mutation: You sometimes gain a little power by
                  | taking damage. [demonic ancestry]
   273 | D:1      | Reached XP level 2. HP: 8/19 MP: 1/5
   448 | D:1      | Learned a level 1 spell: Animate Skeleton
   466 | D:1      | Reached skill level 5 in Necromancy
   959 | D:1      | Reached XP level 3. HP: 17/24 MP: 1/6
  1477 | D:2      | Reached skill level 6 in Necromancy
  1814 | D:2      | Reached XP level 4. HP: 30/30 MP: 7/7
  1861 | D:2      | Learned a level 3 spell: Vampiric Draining
  2802 | D:3      | Noticed Terence
  2805 | D:3      | Killed from afar by an orc priest

Illustrated notes

Levels and vault maps discovered:
D:1:      eino_arrival_water_cross, layout_rooms, chequers_avenue
D:2:      layout_rooms
D:3:      layout_rooms, minmay_statues_item, uniq_terence, uniq_grinder

Skill      XL: |  1  2  3 |
---------------+----------+-----
Necromancy     | 5 6 |  6.5
Dodging        | |  1.7
Stealth        | |  1.7
Spellcasting   | |  2.0

Action                   |  1- 3 |  4- 6 || total
-------------------------+-------+-------++-------
Melee: Dagger            |    21 |     9 ||    30
       Unarmed           |     1 |       ||     1
Throw: Dart              |     5 |       ||     5
 Cast: Pain              |    61 |    24 ||    85
       Animate Skeleton  |     2 |     2 ||     4
  Use: Potion            |     3 |       ||     3
Armor: Robe              |     2 |     1 ||     3
       Skin              |     7 |     4 ||    11
Dodge: Dodged            |    22 |     8 ||    30
